 Dungeon Crawl Stone Soup version 0.29-a0-72-g1732ff48e7 (webtiles) character file.

Game seed: 10706378651172579260

120915 HallandMoats the Victor of a Thousand Battles (level 16, -6/90 HPs)
             Began as a Vine Stalker Fighter on Feb 3, 2022.
             Was the Champion of Okawaru.
             Killed from afar by a Hell Sentinel (23 damage)
             ... with damnation
             ... in a wizard's laboratory on Feb 4, 2022.
             The game lasted 01:06:00 (28715 turns).

HallandMoats (VSFi)                                Turns: 28715, Time: 01:06:01

Health: -6/90      AC: 30    Str: 22    XL:     16   Next: 83%
Magic:  0/27       EV: 15    Int: 12    God:    Okawaru [******]
Gold:   1553       SH: 14    Dex: 21    Spells: 19/26 levels left

rFire   + . .      SeeInvis +   a - +6 demon trident (drain)
rCold   . . .      Faith    +   M - +0 kite shield "Boesengo" {rElec rPois rN+ Dex+6}
rNeg    + . .      Spirit   +   y - +1 chain mail "Urraesau" {Will++ Str-4 SInv}
rPois   +          Reflect  .   C - +1 helmet "Dobun" {Harm Int+4}
rElec   +          Harm     +   K - +2 cloak {Will+}
rCorr   .          Rampage  .   P - +2 pair of gloves
Will    +++++                   S - +5 pair of boots "Biramoma" {Will+ Regen+}
Stlth   ..........              g - amulet of faith
HPRegen 1.85/turn               r - ring of protection from fire
MPRegen 0.20/turn               (no ring)

@: mighty, heroic, finesse-ful, hasted, studying 2 skills, very quick
A: fangs 3, regeneration 1, magic shield, antimagic bite, no potion heal 2,
claws 1, poison resistance
a: Renounce Religion, Heroism, Finesse, Duel


You were in a wizard's laboratory.
You worshipped Okawaru.
Okawaru was exalted by your worship.
You visited 5 branches of the dungeon, and saw 25 of its levels.
You visited the Abyss 1 time.
You also visited: Ossuary and Wizlab.

You collected 3333 gold pieces.
You spent 1780 gold pieces at shops.

Inventory:

Hand Weapons
 a - a +6 demon trident of draining (weapon)
 p - the +8 frozen axe "Frostbite" {freezing cloud, *Noise Fly rC+}
   (You found it on level 12 of the Dungeon)

   It freezes those it strikes, dealing additional cold damage.
   It can also slow down cold-blooded creatures.
   It occasionally leaves clouds of freezing vapour upon striking a foe.
   It grants immunity to clouds of freezing vapour.
   rC:        It protects you from cold.
   Fly:       It grants you flight.
   *Noise:    It may make noises in combat.
 D - the +14 obsidian axe {vorpal, Mesm Drain Fly SInv}
   (You found it on level 8 of the Dungeon)

   It inflicts extra damage upon your enemies.
   It occasionally summons demons to assist the wielder when it strikes in
   combat.
   Its wielder is mesmerised by any visible foes.
   It cannot be unequipped while any foes are visible.
   SInv:      It lets you see invisible.
   Fly:       It grants you flight.
   Drain:     It drains your maximum health when unequipped.
Missiles
 q - 7 throwing nets (quivered)
Armour
 y - the +1 chain mail "Urraesau" (worn) {Will++ Str-4 SInv}
   (You took it off an orc knight on level 15 of the Dungeon)

   Str:       It affects your strength (-4).
   SInv:      It lets you see invisible.
   Will:      It greatly increases your willpower.
 C - the +1 helmet "Dobun" (worn) {Harm Int+4}
   (You bought it in a shop on level 2 of the Orcish Mines)

   Int:       It affects your intelligence (+4).
   Harm:      It increases damage dealt and taken.
 K - a +2 cloak of willpower (worn)
 M - the +0 kite shield "Boesengo" (worn) {rElec rPois rN+ Dex+6}
   (Okawaru gifted it to you on level 13 of the Dungeon)

   Dex:       It affects your dexterity (+6).
   rElec:     It insulates you from electricity.
   rPois:     It protects you from poison.
   rN:        It protects you from negative energy.
 P - a +2 pair of gloves (worn)
 S - the +5 pair of boots "Biramoma" (worn) {Will+ Regen+}
   (Okawaru gifted it to you on level 4 of the Dungeon)

   Regen:     It increases your rate of health regeneration.
   Will:      It increases your willpower.
Jewellery
 c - a ring of resist corrosion
 g - an amulet of faith (around neck)
 n - an amulet of reflection
 r - a ring of protection from fire (left hand)
Wands
 k - a wand of digging (9)
 m - a wand of acid (10)
 F - a wand of iceblast (18)
Scrolls
 b - a scroll of blinking
 e - 3 scrolls of identify
 h - 8 scrolls of amnesia
 o - a scroll of enchant weapon
 u - 8 scrolls of enchant armour
 w - a scroll of silence
 x - 7 scrolls of magic mapping
 H - 2 scrolls of teleportation
 N - a scroll of fog
Potions
 d - 5 potions of might
 f - a potion of berserk rage
 i - 9 potions of heal wounds
 j - 3 potions of flight
 s - 4 potions of haste
 t - 14 potions of curing
 v - 4 potions of mutation
 z - a potion of ambrosia
 A - 3 potions of brilliance
 B - 4 potions of invisibility
 G - 2 potions of lignification
 O - a potion of magic
 Q - a potion of cancellation
 T - a potion of resistance
Miscellaneous
 l - a condenser vane


   Skills:
 * Level 12.7(17.7) Fighting
 * Level 9.4(16.6) Axes
 + Level 10.9(17.3) Polearms
 + Level 8.5(13.5) Armour
 + Level 8.0(13.0) Dodging
 + Level 9.2(14.2) Shields
 * Level 5.9 Spellcasting
 * Level 5.6 Air Magic
 * Level 13.4 Invocations


You had 19 spell levels left.
You knew the following spells:

 Your Spells              Type           Power      Damage    Failure   Level
a - Swiftness             Air            17%        N/A       45%         3
b - Airstrike             Air            8%         N/A       86%         4

Your spell library contained the following spells:

 Spells                   Type           Power      Damage    Failure   Level
 Shock                    Conj/Air       40%        1d5       47%         1
 Corpse Rot               Necr/Air       20%        N/A       63%         2
 Pain                     Necr           12%        1d4       86%         1
 Ensorcelled Hibernation  Hex/Ice        6%         N/A       95%         2
 Passwall                 Tmut/Erth      2%         N/A       95%         2
 Sublimation of Blood     Necr           3%         N/A       95%         2
 Conjure Flame            Conj/Fire      3%         6-21      99%         3
 Ignite Poison            Fire/Tmut/Pois 3%         N/A       99%         3
 Sticky Flame             Conj/Fire      3%         2d3       100%        4
 Agony                    Necr           3%         N/A       100%        5
 Excruciating Wounds      Necr           1%         N/A       100%        5
 Fireball                 Conj/Fire      1%         3d3       100%        5
 Starburst                Conj/Fire      1%         6d3       100%        6
 Orb of Destruction       Conj           1%         9d5       100%        7
 Ignition                 Fire           1%         3d3       100%        8
 Summon Guardian Golem    Hex/Summ       Unusable   N/A       N/A         3
 Tukima's Dance           Hex            Unusable   N/A       N/A         3
 Death Channel            Necr           Unusable   N/A       N/A         6
 Spellforged Servitor     Conj/Summ      Unusable   N/A       N/A         7

Dungeon Overview and Level Annotations

Branches:
Dungeon (15/15)            Temple (0/1) D:4            Lair (6/6) D:9
  Swamp (0/4) Lair:2       Spider (1/4) Lair:2        Slime (0/5) Lair:6
    Orc (2/2) D:10            Elf (1/3) Orc:2        Vaults (0/5) D:14
 Depths (0/4) D:15        Ossuary (visited)          WizLab (1/1)

Altars:
Dithmenos
Elyvilon
Fedhas
Okawaru
Ru
Sif Muna
Uskayaw
Wu Jian
Xom
Yredelemnul
Beogh
Jiyva

Shops:
D:2 (   D:3 :   D:12 =   Orc:1 :   Orc:2 ![(*[

Portals:
Abyss: D:8

Annotations:
D:8 2 transporters, Zonian's ghost, novice DjIE


Innate Abilities, Weirdness & Mutations

You have razor-sharp teeth.
Your natural rate of healing is unusually fast.
When hurt, damage is shared between your health and your magic reserves.
Your bite disrupts and absorbs the magic of your enemies.
Potions cannot restore your health.
You have sharp fingernails.
Your system is resistant to poisons. (rPois)


Message History

You reach to attack!
You completely miss the reaper.
The reaper is heavily wounded.
You reach to attack!
You hit the reaper but do no damage.
The reaper is heavily wounded.
You reach to attack!
You hit the reaper but do no damage.
The reaper is heavily wounded.
A balrug comes into view.
It is wielding a +0 demon whip of venom and wearing an orb of guile.
The reaper hits you from afar with a +1 scythe of protection!
You reach to attack!
You puncture the reaper!
The reaper is severely wounded.
You puncture the smoke demon!
You bite the smoke demon, but do no damage.
The smoke demon is moderately wounded.
The balrug gestures at you. Something smites you!
You puncture the smoke demon!
The smoke demon is almost dead.
The reaper hits you from afar with a +1 scythe of protection!!
Unknown command.
You are too injured to fight recklessly!
Unknown command.
You are too injured to fight recklessly!
You are too injured to fight recklessly!
You feel very mighty all of a sudden. You block the smoke demon's attack.
The smoke demon misses you. x2
The reaper hits you from afar with a +1 scythe of protection!
* * * LOW HITPOINT WARNING * * *
The Hell Sentinel hits you. The Hell Sentinel misses you.
You feel yourself speed up. You block the smoke demon's attack. x2
The smoke demon closely misses you.
A ynoxinul comes into view.
The reaper barely misses you.
The Hell Sentinel hits you but does no damage. x2
The reaper beckons to you. The smoke demon gestures at you.
Something smites you!
* * * LOW HITPOINT WARNING * * *
The Hell Sentinel gestures at you.
The sphere of damnation explodes!
The damnation engulfs you!!
You die...

#....#.......................
#......................§.....
#.........[..............###.
#.................[.....§# #.
#........................###.
#.............3122...........
#.......................§....
#............................
#...........@................
#............................
#............................
######################.######
#...........# #...........#
#....#'#....# #..∩.+∩'.∩..#
#....#'#....#


You could see a Hell Sentinel, a reaper, a balrug and a smoke demon.

Vanquished Creatures
  Rupert (Lair:6)
  A tentacled starspawn (Abyss:3)
  Kirke (Lair:4)
  The ghost of Xenoroth the Severer, a journeyman MiBe of Trog (Orc:1)
  The ghost of robertstho the Grappler, a journeyman TrDe of Okawaru (Orc:1)
  A ghost moth (Spider:1)
  The ghost of sbbq2022 the Destroyer, a journeyman DsCj of Sif Muna (Orc:2)
  2 spark wasps (Spider:1)
  The ghost of willcat the Destroyer, a journeyman GnCj of Gozag (Orc:2)
  An entropy weaver (Spider:1)
  Azrael (D:13)
  A fire dragon (Lair:6)
  The ghost of cheechan the Basher, a journeyman DsCK of Okawaru (Orc:2)
  Fannar (D:12)
  5 boulder beetles
  The ghost of Kazon the Fighter, a journeyman HuFi of Jiyva (Lair:1)
  Harold (D:8)
  5 centaur warriors
  11 hydras
  2 ogre magi
  3 vault guards (D:14)
  3 catoblepae
  4 two-headed ogres
  3 tengu warriors (D:14)
  A vampire mage (D:15)
  3 orc high priests (Orc:2)
  2 deep elf knights (Elf:1)
  Sonja (Lair:6)
  2 skeletal warriors
  2 orb spiders (Spider:1)
  A sun moth (Spider:1)
  2 deep elf archers (Elf:1)
  2 lindwurms (Lair:6)
  A swamp dragon (Lair:6)
  7 deep elf pyromancers
  A necromancer (D:15)
  8 wolf spiders
  3 deep elf zephyrmancers (Elf:1)
  8 orc knights
  6 orc sorcerers
  9 ugly things
  4 black mambas
  5 cyclopes
  9 manticores
  3 elephants (Lair:6)
  Maurice (D:13)
  An iron dragon skeleton (D:15)
  A frost giant skeleton (D:15)
  4 centaur skeletons
  2 gargoyles (D:12)
  A torpor snail (Spider:1)
  4 cane toads
  2 unseen horrors
  A demonic crawler (Spider:1)
  2 freezing wraiths (D:12)
  13 komodo dragons
  A redback zombie (D:10)
  12 rime drakes
  A kobold demonologist (D:13)
  An efreet (D:13)
  An ice devil (D:12)
  A tengu conjurer (D:14)
  5 trolls
  2 hellwings (D:10)
  A guardian mummy (D:15)
  4 polar bears
  10 tarantellas
  2 spriggan zombies (D:15)
  6 dream sheep (Lair:5)
  A hornet (D:10)
  17 blink frogs
  4 slime creatures (D:13)
  A large abomination (Abyss:3)
  A meliai zombie (D:11)
  4 culicivoras (Spider:1)
  8 jumping spiders
  2 raiju
  2 shadows
  A water elemental (D:15)
  3 wraiths (D:12)
  45 yaks
  4 fire bats (D:9)
  7 wyverns
  3 air elementals (Elf:1)
  2 hogs (Lair:4)
  A neqoxec (WizLab)
  3 fire elementals (D:13)
  3 steam dragons
  9 humans
  13 redbacks (Spider:1)
  10 basilisks
  19 vampire mosquitoes
  A warg (shapeshifter) (D:14)
  A warg (Orc:1)
  2 acid dragons
  4 hell hounds
  14 water moccasins
  21 orc warriors
  4 black bears
  2 swamp drakes (Lair:6)
  An ice beast (D:6)
  2 sky beasts (D:11)
  A hornet zombie (D:10)
  11 wolves
  5 centaurs
  8 ogres
  A phantom (D:5)
  15 bullfrogs
  2 kobold brigands
  A gnoll sergeant (D:12)
  A scorpion (D:5)
  A wyvern skeleton (D:7)
  12 wights
  10 electric eels
  2 howler monkeys
  2 lava snakes (D:9)
  7 centaur zombies
  2 hounds
  5 jellies
  15 orc priests
  Crazy Yiuf (D:7)
  A gnoll shaman (D:9)
  11 iguanas
  Terence (D:2)
  17 orc wizards
  A killer bee zombie (D:7)
  12 mummies (Ossuary)
  3 howler monkey zombies
  5 adders
  6 gnolls
  5 shadow imps (D:10)
  8 white imps
  3 ufetubi
  An adder skeleton (D:5)
  A worm (D:4)
  3 dart slugs
  72 orcs
  5 endoplasms
  A giant cockroach (D:4)
  9 goblins
  5 hobgoblins
  A quokka (D:2)
  5 ball pythons
  3 bats
  5 frilled lizards
  3 gnoll skeletons (Ossuary)
  A goblin skeleton (Ossuary)
  12 kobolds
  A kobold skeleton (Ossuary)
  3 orc skeletons (Ossuary)
  2 rats (D:3)
  11 rat skeletons (Ossuary)
  2 rat zombies (D:5)
  A butterfly (Lair:2)
  A fire vortex (D:9)
750 creatures vanquished.

Vanquished Creatures (others)
  A vault guard (D:14)
  A black mamba (Lair:6)
  A human (D:14)
  A sky beast (D:11)
  An orc priest (Orc:2)
  An orc wizard (Orc:2)
  2 fire vortices (D:9)
  23 fungi
  45 plants
  2 starspawn tentacles (Abyss:3)
  13 withered plants
91 creatures vanquished.

Grand Total: 841 creatures vanquished

Notes
Turn   | Place    | Note
-------+----------+-------------------------------------------
     0 | D:1      | HallandMoats the Vine Stalker Fighter began the quest for
                  | the Orb.
     0 | D:1      | Reached XP level 1. HP: 11/11 MP: 2/2
   444 | D:1      | Reached XP level 2. HP: 3/16 MP: 0/3
  1062 | D:2      | Found Riezi's Antique Weapon Boutique.
  1119 | D:2      | Reached skill level 1 in Invocations
  1119 | D:2      | Reached XP level 3. HP: 12/19 MP: 4/4
  1235 | D:2      | Found a faded altar of an unknown god.
  1261 | D:2      | Prayed at the altar of an unknown god.
  1261 | D:2      | Became a worshipper of Warmaster Okawaru
  1261 | D:2      | Reached * piety under Okawaru
  1500 | D:2      | Noticed Terence
  1527 | D:2      | Killed Terence
  1528 | D:2      | Gained mutation: Your natural rate of healing is unusually
                  | fast. [Vine Stalker growth]
  1528 | D:2      | Reached XP level 4. HP: 3/24 MP: 6/6
  1804 | D:3      | Found Ilicrem's Book Emporium.
  2418 | D:3      | Reached skill level 2 in Invocations
  2431 | D:4      | Reached XP level 5. HP: 27/28 MP: 4/7
  2480 | D:4      | Reached skill level 1 in Dodging
  2494 | D:4      | Noticed an ogre
  2530 | D:4      | Killed an ogre
  2531 | D:4      | Reached XP level 6. HP: 15/32 MP: 8/8
  2623 | D:4      | You fall into a shaft and drop 1 floor!
  2623 | D:5      | Entered Level 5 of the Dungeon
  2630 | D:5      | Reached ** piety under Okawaru
  2651 | D:5      | Found a sacrificial altar of Ru.
  2739 | D:5      | Reached skill level 3 in Invocations
  2833 | D:5      | Reached XP level 7. HP: 32/37 MP: 5/10
  2866 | D:5      | Found a sand-covered staircase.
  2879 | Ossuary  | Entered an ossuary
  3764 | D:6      | Reached skill level 4 in Invocations
  3764 | D:6      | Gained mutation: You have razor-sharp teeth. [Vine Stalker
                  | growth]
  3764 | D:6      | Reached XP level 8. HP: 30/42 MP: 7/12
  3833 | D:6      | Reached *** piety under Okawaru
  4477 | D:6      | Noticed a yak
  4522 | D:6      | Killed a yak
  4523 | D:6      | Reached skill level 5 in Fighting
  4799 | D:6      | Reached skill level 5 in Invocations
  4837 | D:6      | Reached skill level 5 in Polearms
  4837 | D:6      | Reached XP level 9. HP: 32/46 MP: 7/13
  4879 | D:6      | Reached **** piety under Okawaru
  5199 | D:7      | Found a blossoming altar of Fedhas.
  5252 | D:7      | Received a gift from Okawaru
  5353 | D:7      | Found a white marble altar of Elyvilon.
  5417 | D:7      | Found a basalt altar of Yredelemnul.
  5523 | D:7      | Found a runed translucent door.
  5524 | D:7      | Noticed Crazy Yiuf
  5797 | D:7      | Killed Crazy Yiuf
  5910 | D:8      | Reached skill level 6 in Invocations
  5916 | D:8      | Found the +14 obsidian axe {vorpal, Mesm Drain Fly SInv}
  5917 | D:8      | Noticed a boulder beetle
  5918 | D:8      | Noticed a centaur warrior
  5918 | D:8      | Noticed a troll
  5918 | D:8      | Noticed a manticore
  5927 | D:8      | Noticed a cyclops
  5927 | D:8      | Noticed an eight-headed hydra
  5927 | D:8      | Noticed a centaur warrior
  5928 | D:8      | Noticed a cyclops
  6068 | D:8      | Identified a scroll of acquirement
  6069 | D:8      | Acquired a +3 demon trident of draining
  6103 | D:8      | Reached skill level 5 in Shields
  6111 | D:8      | Reached ***** piety under Okawaru
  6141 | D:8      | Noticed Harold
  6153 | D:8      | Killed Harold
  6154 | D:8      | Reached XP level 10. HP: 15/53 MP: 5/15
  6227 | D:8      | Found a one-way gate to the infinite horrors of the Abyss.
  6227 | D:8      | Noticed Zonian's ghost (novice DjIE)
  6228 | D:8      | Noticed a hell hog
  6265 | D:8      | Found a transporter.
  6279 | D:8      | Found a transporter.
  6843 | D:9      | Reached skill level 7 in Invocations
  7082 | D:9      | Found a staircase to the Lair.
  7203 | D:10     | Entered Level 10 of the Dungeon
  7241 | D:10     | Identified the +7 glaive "Roecw" {freeze, Fragile rCorr
                  | SInv} (Okawaru gifted it to you on level 10 of the Dungeon)
  7241 | D:10     | Received a gift from Okawaru
  7294 | D:10     | Found a staircase to the Orcish Mines.
  7501 | D:10     | HP: 2/55 [something (18)]
  7875 | D:10     | Reached skill level 5 in Armour
  8048 | D:10     | Reached XP level 11. HP: 57/58 MP: 15/17
  8097 | D:10     | Reached ****** piety under Okawaru
  8162 | D:10     | Reached skill level 8 in Invocations
  8257 | D:10     | Identified the +4 glaive of Egyukimn {drain, Fly rElec
                  | Dex-3} (Okawaru gifted it to you on level 10 of the
                  | Dungeon)
  8257 | D:10     | Received a gift from Okawaru
  8471 | D:10     | Identified the amulet "Myfagrux" {Acrobat rCorr}
  8800 | D:11     | Noticed a cyclops
  8836 | D:11     | Received a gift from Okawaru
  8848 | D:11     | Killed a cyclops
  8848 | D:11     | Identified the +5 flail "Zabini" {drain, rN+ rCorr}
                  | (Okawaru gifted it to you on level 11 of the Dungeon)
  8848 | D:11     | Received a gift from Okawaru
  8922 | D:11     | Reached skill level 5 in Dodging
  9203 | D:11     | Identified the +2 ring mail of Zecoaczuaki {rPois rF+}
  9502 | D:12     | Noticed a cyclops
  9509 | D:12     | Killed a cyclops
  9510 | D:12     | Reached skill level 9 in Invocations
  9510 | D:12     | Reached XP level 12. HP: 65/65 MP: 19/19
  9511 | D:12     | Found Noodd's Jewellery Shop.
  9578 | D:12     | Received a gift from Okawaru
  9804 | D:12     | Noticed Fannar
  9820 | D:12     | Killed Fannar
 10395 | D:12     | Found the +8 frozen axe "Frostbite" {freezing cloud, *Noise
                  | Fly rC+}
 10530 | D:13     | Noticed a four-headed hydra
 10530 | D:13     | Noticed an ogre mage
 10554 | D:12     | Killed a four-headed hydra
 10561 | D:12     | Identified the +5 trident "Umuxom" {freeze, rC+ Will+ Str-5
                  | Stlth+} (Okawaru gifted it to you on level 12 of the
                  | Dungeon)
 10561 | D:12     | Received a gift from Okawaru
 10638 | D:12     | Reached skill level 1 in Axes
 10708 | D:12     | Killed an ogre mage
 10764 | D:13     | Noticed an eight-headed hydra
 10801 | D:13     | Killed an eight-headed hydra
 10846 | D:13     | Noticed a two-headed ogre
 10863 | D:12     | Killed a two-headed ogre
 10864 | D:12     | Reached skill level 10 in Invocations
 10972 | D:13     | Noticed a centaur warrior
 10977 | D:13     | Noticed Maurice
 10980 | D:13     | Killed a centaur warrior
 10980 | D:13     | Received a gift from Okawaru
 10980 | D:13     | Found the +18 Lear's hauberk
 10994 | D:13     | Killed Maurice
 11008 | D:13     | Reached XP level 13. HP: 63/71 MP: 18/21
 11143 | D:13     | Reached skill level 10 in Fighting
 11402 | D:13     | Noticed Azrael
 11436 | D:13     | Killed Azrael
 11739 | D:13     | Identified the +0 kite shield "Boesengo" {rElec rPois rN+
                  | Dex+6} (Okawaru gifted it to you on level 13 of the
                  | Dungeon)
 11739 | D:13     | Received a gift from Okawaru
 12247 | D:14     | Killed a vault guard
 12550 | D:14     | Found a shadowy altar of Dithmenos.
 12552 | D:14     | Found a shimmering blue altar of Sif Muna.
 12552 | D:14     | Found a bloodstained altar of Trog.
 12569 | D:14     | Found a blossoming altar of Fedhas.
 12569 | D:14     | Found a white marble altar of Elyvilon.
 12569 | D:14     | Found a shimmering altar of Xom.
 12646 | D:14     | Found a hide-covered altar of Uskayaw.
 12983 | D:14     | Reached skill level 11 in Invocations
 13120 | D:14     | Noticed a vault guard
 13120 | D:14     | Noticed a vault guard
 13120 | D:14     | Noticed a vault guard
 13162 | D:14     | Killed a vault guard
 13163 | D:14     | Reached skill level 5 in Axes
 13171 | D:14     | Killed a vault guard
 13171 | D:14     | Received a gift from Okawaru
 13181 | D:14     | Killed a vault guard
 13236 | D:14     | Reached XP level 14. HP: 77/77 MP: 23/23
 13258 | D:14     | Found a gate to the Vaults.
 13415 | D:15     | Entered Level 15 of the Dungeon
 13424 | D:15     | Found a shadowy altar of Dithmenos.
 13776 | D:15     | Identified the +2 pair of boots of Springtime {Str+4}
                  | (Okawaru gifted it to you on level 15 of the Dungeon)
 13776 | D:15     | Received a gift from Okawaru
 13850 | D:15     | Found a staircase to the Depths.
 14043 | D:15     | Identified the +6 quarterstaff "Metoq" {venom, rElec rF-
                  | rN+}
 14068 | D:15     | Identified the +1 chain mail "Urraesau" {Will++ Str-4 SInv}
 14682 | D:8      | Reached skill level 10 in Polearms
 14874 | Lair:1   | Entered Level 1 of the Lair of Beasts
 14973 | Lair:1   | Identified the +0 robe of Inference {-Tele Fly Dex+8}
                  | (Okawaru gifted it to you on level 1 of the Lair of Beasts)
 14973 | Lair:1   | Received a gift from Okawaru
 15099 | Lair:1   | Identified the +4 whip "Gotoidda" {venom, Int+3}
 15665 | Lair:1   | Found a runed translucent door.
 15926 | Lair:1   | Noticed Kazon's ghost (journeyman HuFi)
 15941 | Lair:1   | Killed Kazon's ghost
 15942 | Lair:1   | Reached skill level 12 in Invocations
 16533 | Lair:2   | Found a hole to the Spider Nest.
 16978 | Lair:2   | Found a staircase to the Swamp.
 17254 | Lair:3   | You are sucked into a shaft and drop 3 floors!
 17254 | Lair:6   | Entered Level 6 of the Lair of Beasts
 17316 | Lair:6   | Got the Catalogue of Fetching Unholy Rituals
 17352 | Lair:6   | Reached XP level 15. HP: 50/83 MP: 14/25
 17496 | Lair:6   | Noticed Rupert
 17506 | Lair:6   | Killed Rupert
 17506 | Lair:6   | Identified the +0 chain mail of the Lonely Lives {rElec
                  | rCorr Int+2} (Okawaru gifted it to you on level 6 of the
                  | Lair of Beasts)
 17506 | Lair:6   | Received a gift from Okawaru
 17508 | Lair:6   | Reached skill level 1 in Spellcasting
 17508 | Lair:6   | Reached skill level 1 in Air Magic
 17558 | Lair:6   | Identified the amulet of Huusazxo {Acrobat rN+}
 17832 | Lair:6   | HP: 4/84 [ten-headed hydra (3)]
 17833 | Arena    | Entered the Arena
 17861 | Lair:6   | HP: 3/84 [ten-headed hydra (4)]
 18180 | Lair:6   | Found a viscous altar of Jiyva.
 18183 | Lair:6   | Found a staircase to the Slime Pits.
 20318 | D:4      | Identified the +5 pair of boots "Biramoma" {Will+ Regen+}
                  | (Okawaru gifted it to you on level 4 of the Dungeon)
 20318 | D:4      | Received a gift from Okawaru
 20875 | D:4      | Found a staircase to the Ecumenical Temple.
 21207 | Lair:4   | Noticed Kirke
 21227 | Lair:4   | Killed Kirke
 21436 | Lair:4   | Found an ornate altar of the Wu Jian Council.
 23096 | Lair:6   | Noticed Sonja
 23100 | Lair:6   | Cast into level 2 of the Abyss (Sonja)
 23101 | Abyss:2  | Found a corrupted altar of Lugonu.
 23234 | Abyss:3  | Noticed an ancient lich
 23277 | Abyss:3  | Noticed a tentacled starspawn
 23301 | Abyss:3  | Killed a tentacled starspawn
 23308 | Abyss:3  | Noticed a lich
 23339 | Abyss:5  | Entered Level 5 of the Abyss
 23370 | Abyss:5  | Found a corrupted altar of Lugonu.
 23419 | Abyss:5  | Noticed a deep elf sorcerer
 23419 | Lair:6   | Escaped the Abyss
 23426 | Lair:6   | Killed Sonja
 24255 | Orc:1    | Entered Level 1 of the Orcish Mines
 24404 | Orc:1    | Gained mutation: You have a pair of small antennae on your
                  | head. [potion of mutation]
 24404 | Orc:1    | Gained mutation: You have supernaturally acute eyesight.
                  | (SInv) [potion of mutation]
 24404 | Orc:1    | Gained mutation: Your system is resistant to poisons.
                  | (rPois) [potion of mutation]
 24407 | Orc:2    | Entered Level 2 of the Orcish Mines
 24421 | Orc:2    | Reached XP level 16. HP: 40/88 MP: 13/26
 24533 | Orc:2    | Identified the +1 robe "Laapucur" {rElec Will- MP+9 Int+4}
                  | (Okawaru gifted it to you on level 2 of the Orcish Mines)
 24533 | Orc:2    | Received a gift from Okawaru
 24609 | Orc:2    | Found Vigugiur's Armour Shoppe.
 24609 | Orc:2    | Found a staircase to the Elven Halls.
 24652 | Orc:2    | Found a runed translucent gate.
 24652 | Orc:2    | Found a runed translucent gate.
 24652 | Orc:2    | Found a runed translucent gate.
 24653 | Orc:2    | Noticed Xenoroth's ghost (journeyman MiBe)
 24653 | Orc:2    | Noticed robertstho's ghost (journeyman TrDe)
 24653 | Orc:2    | Noticed sbbq2022's ghost (journeyman DsCj)
 24654 | Orc:2    | Noticed willcat's ghost (journeyman GnCj)
 24654 | Orc:2    | Noticed cheechan's ghost (journeyman DsCK)
 25446 | Orc:2    | Reached skill level 13 in Invocations
 25658 | Orc:2    | Found Riyr's Assorted Antiques.
 25658 | Orc:2    | Found Zuxkozia's Antique Weapon Emporium.
 25660 | Orc:2    | Found Koko's Armour Shop.
 25660 | Orc:2    | Found Lerch's Distillery.
 25774 | Orc:2    | Bought a scroll of blinking for 232 gold pieces
 25777 | Orc:2    | Bought a potion of curing for 30 gold pieces
 25779 | Orc:2    | Lost mutation: You have a pair of small antennae on your
                  | head. [potion of mutation]
 25779 | Orc:2    | Lost mutation: Your system is resistant to poisons. (rPois)
                  | [potion of mutation]
 25779 | Orc:2    | Lost mutation: You have supernaturally acute eyesight.
                  | (SInv) [potion of mutation]
 25779 | Orc:2    | Gained mutation: You have sharp fingernails. [potion of
                  | mutation]
 25779 | Orc:2    | Gained mutation: Your system is resistant to poisons.
                  | (rPois) [potion of mutation]
 25783 | Orc:2    | Bought the +1 helmet "Dobun" {Harm Int+4} for 398 gold
                  | pieces
 26218 | Orc:1    | Found Vasmori's Book Emporium.
 26232 | Orc:1    | Learned a level 3 spell: Swiftness
 26237 | Orc:1    | Learned a level 4 spell: Airstrike
 26237 | Orc:1    | Bought a manual of Axes for 1120 gold pieces
 26351 | Orc:1    | Killed Xenoroth's ghost
 26376 | Orc:1    | Killed robertstho's ghost
 26411 | Orc:2    | Killed cheechan's ghost
 26421 | Orc:2    | Killed sbbq2022's ghost
 26436 | Orc:2    | Killed willcat's ghost
 26603 | Spider:1 | Entered Level 1 of the Spider Nest
 26616 | Spider:1 | Reached skill level 5 in Spellcasting
 26921 | Spider:1 | Reached skill level 5 in Air Magic
 27182 | Spider:1 | Received a gift from Okawaru
 28353 | Elf:1    | Entered Level 1 of the Elven Halls
 28363 | Elf:1    | Paralysed by an air elemental for 1 turns
 28379 | Elf:1    | Paralysed by an air elemental for 1 turns
 28447 | Elf:1    | Found a magical portal.
 28456 | WizLab   | Entered Doroklohe's Tomb
 28700 | WizLab   | Noticed a Hell Sentinel
 28715 | WizLab   | Killed from afar by a Hell Sentinel

Illustrated notes

Levels and vault maps discovered:
D:1:      dpeg_arrival_connections, layout_basic
D:2:      layout_rooms, serial_shops, nicolae_shop_waterfront,
          hellmonk_ecumenical_altar_defaced_shrine, uniq_terence
D:3:      layout_basic, serial_shops, shop
D:4:      layout_layer_cave, minmay_temple_entry_hall, st_stairs_2
D:5:      black_bear_nest_1, layout_rooms, mainiacjoe_overflow_24_doors,
          enter_ossuary_4, minmay_lizard_king
D:6:      minmay_chambers_of_fours, layout_basic
D:7:      layout_cave_pools, marbit_many_paths, kennysheep_ying_yang,
          abandoned_shop, corexii_leaking_fountain, grunt_ministairs_10,
          uniq_crazy_yiuf_cottage
D:8:      layout_cave_pools, gammafunk_ghost_abyssal_escape, minivault_12,
          uniq_harold
D:9:      layout_loops_ring, dpeg_oklobed_lair, hangedman_incinerator
D:10:     cheibrodos_grave_circle, layout_basic, orc_0_dummy, minivault_10,
          minivault_11, kennysheep_path_1
D:11:     layout_cave_pools, hangedman_misty_isle
D:12:     layout_basic, serial_shops, shop, hellmonk_guarded_unrand_frostbite,
          uniq_fannar
D:13:     minmay_the_grid_four_pointed_star_mashed
          [minmay_the_grid_triangle_9x9_longest,
          minmay_the_grid_triangle_9x9_swiss_cheese,
          minmay_the_grid_triangle_9x9_thin_v,
          minmay_the_grid_triangle_9x9_minimal, minmay_the_grid_prize_big_room],
          layout_rooms, minmay_fractal_squares_diagonal_5, uniq_maurice,
          uniq_azrael
D:14:     layout_long_grid, ximxim_vaults_locker_room, doesnt_xom_only_xom,
          eat_drink_and_be_merry_uskayaw
D:15:     gammafunk_depths_entry_grave, layout_basic,
          nicolae_dithmenos_shadow_blocks, minivault_14
Lair:1:   layout_concentric_octagons, ebering_ghost_reflecting_pool,
          minivault_24, guppyfry_lair_drakes, lemuel_fruit_fields,
          infiniplex_staircase_pool, grunt_megastairs_3
Lair:2:   layout_cave_pods, minmay_swamp_entry_swarm,
          spider_nest_entry_funnel_web
Lair:3:   layout_layer_cave
Lair:4:   layout_regular_city, basic_altar, serial_bayou_lake_a,
          lemuel_fruit_tree, grunt_megastairs_4, uniq_kirke
Lair:5:   layout_cave_pods, chequers_serial_rivers_small_3, grunt_megastairs_5
Lair:6:   hangedman_lair_in_review, layout_gridlike, guppyfry_lair_end_dragon,
          slime_altar_1, uniq_sonja, uniq_rupert
Spider:1: layout_chambers
Orc:1:    layout_caves, serial_shops, nicolae_shop_waterfront,
          lightli_orcish_oven
Orc:2:    grunt_orc_tribal_feast, layout_caves, gammafunk_ghost_cemetery,
          serial_shops, shop
Elf:1:    nicolae_elf_arrival_aired_out, layout_loops_cross, mu_enter_wizlab_5,
          hangedman_elven_crosses_minicolossus, minivault_27
WizLab:   wizlab_doroklohe

Skill      XL: |  1  2  3  4  5  6  7  8  9 10 11 12 13 14 15 16 |
---------------+-------------------------------------------------+-----
Polearms       | 2 3 4 5 6 7 8 9 10 | 10.9
Invocations    | 1 2 3 4 5 6 7 9 10 11 12 13 | 13.4
Fighting       | 3 4 5 6 7 8 9 10 11 12 | 12.7
Shields        | 3 4 5 6 7 8 9 |  9.2
Dodging        | 1 2 3 4 5 6 7 8 |  8.0
Armour         | 3 4 5 6 7 8 |  8.5
Axes           | 2 5 7 8 9 |  9.4
Spellcasting   | 4 5 |  5.9
Air Magic      | 4 5 |  5.6

Action                   |  1- 3 |  4- 6 |  7- 9 | 10-12 | 13-15 | 16-18 || total
-------------------------+-------+-------+-------+-------+-------+-------++-------
Melee: Trident           |    94 |   123 |   328 |       |       |       ||   545
       Bite              |    16 |    24 |   132 |   179 |   466 |   161 ||   978
       Spear             |       |       |    98 |       |       |       ||    98
       Demon trident     |       |       |    24 |   566 |  1164 |   495 ||  2249
       Broad axe         |       |       |       |       |   127 |    48 ||   175
       Executioner's axe |       |       |       |       |       |    20 ||    20
Invok: Heroism           |       |     1 |       |     2 |    12 |     7 ||    22
       Finesse           |       |       |       |       |     3 |     3 ||     6
       Duel              |       |       |       |       |     1 |       ||     1
Evoke: Wand              |       |       |       |       |     5 |     1 ||     6
       Condenser vane    |       |       |       |       |     1 |       ||     1
  Use: Potion            |       |     1 |       |       |     3 |     6 ||    10
       Scroll            |       |       |    16 |    12 |    20 |     6 ||    54
 Stab: Petrified         |       |       |       |       |     1 |       ||     1
Armor: Scale mail        |    36 |       |       |       |       |       ||    36
       Chain mail        |       |    55 |   239 |   372 |   522 |   264 ||  1452
Dodge: Dodged            |    33 |    38 |   189 |   266 |   478 |   207 ||  1211
Block: Buckler           |    16 |    24 |   101 |   156 |    24 |       ||   321
       Kite shield       |       |       |       |       |   612 |   297 ||   909

Table legend: (Time is in decaauts)
 A = Elapsed time spent in this place.
 B = Non-inter-level travel time spent in this place.
 C = Inter-level travel time spent in this place.
 D = Time resting spent in this place.
 E = Time spent auto-exploring this place.
 F = Levels seen in this place.
 G = Mean time per level.
                   A        B        C        D        E       F      G
               +--------+--------+--------+--------+--------+-----+--------+
         Total |  28568 |  26434 |   2134 |   3433 |  16555 |  32 |  892.8 |
       Dungeon |  15751 |  14397 |   1354 |   1828 |   8920 |  15 | 1050.1 |
          Lair |   7927 |   7260 |    667 |    802 |   5306 |   6 | 1321.2 |
   Spider Nest |   1567 |   1516 |     51 |    195 |   1034 |   1 | 1567.0 |
  Orcish Mines |   2187 |   2126 |     61 |    592 |    876 |   2 | 1093.5 |
   Elven Halls |     84 |     84 |      0 |      0 |      0 |   1 |   84.0 |
         Abyss |    309 |    309 |      0 |      0 |      4 |   4 |   77.2 |
       Ossuary |    463 |    463 |      0 |     11 |    232 |   1 |  463.0 |
        Wizlab |    252 |    252 |      0 |      0 |    182 |   1 |  252.0 |
         Arena |     25 |     25 |      0 |      4 |      0 |   1 |   25.0 |
               +--------+--------+--------+--------+--------+-----+--------+

Top non-repeatable levels by time:
  Lair:6: 1848 daAuts
    D:14: 1655 daAuts
Spider:1: 1567 daAuts
  Lair:1: 1480 daAuts
     D:6: 1385 daAuts
    D:12: 1357 daAuts
   Orc:2: 1345 daAuts
  Lair:3: 1325 daAuts
    D:10: 1263 daAuts
  Lair:2: 1256 daAuts
     D:9: 1249 daAuts
  Lair:5: 1125 daAuts
    D:15: 1077 daAuts
     D:1: 1072 daAuts
     D:4: 988 daAuts
